 Dungeon Crawl Stone Soup version 0.29.1-13-g9f3cf754e1 (webtiles) character file.

Game seed: 923978747503744581

132 promet the Sneak (level 5, 0/31 HPs)
             Began as an Octopode Hedge Wizard on Jan 30, 2023.
             Was an Initiate of Dithmenos.
             Slain by an ice beast (13 damage)
             ... on level 4 of the Dungeon.
             The game lasted 00:18:22 (3396 turns).

promet the Sneak (Octopode Hedge Wizard)            Turns: 3396, Time: 00:18:23

Health: 0/31       AC:  2    Str:  8    XL:     5   Next: 15%
Magic:  2/10       EV: 14    Int: 15    God:    Dithmenos [......]
Gold:   187        SH:  0    Dex: 16    Spells: 5/11 levels left

rFire   . . .      SeeInvis .   a - +0 dagger (vamp)
rCold   . . .      Faith    .   (no shield)
rNeg    . . .      Spirit   .   d - +1 hat
rPois   .          Reflect  .   (no amulet)
rElec   +          Harm     .   (no ring)
rCorr   .          Rampage  .   (no ring)
Will    .....                   (no ring)
Stlth   ++++......              (no ring)
HPRegen 0.10/turn               (no ring)
MPRegen 0.12/turn               (no ring)
                                (no ring)
                                (no ring)

@: no status effects
A: almost no armour, amphibious, 8 rings, camouflage 1, gelatinous body 1,
(nimble swimmer 1), tentacles, agile 1, dopey 1, screaming 1, electricity
resistance
a: Renounce Religion


You were on level 4 of the Dungeon.
You worshipped Dithmenos.
Dithmenos was noncommittal.
You visited 1 branch of the dungeon, and saw 4 of its levels.

You collected 187 gold pieces.

Inventory:

Hand Weapons
 a - a +0 vampiric dagger (weapon)
 b - a +0 sling
 j - a +0 falchion
 m - a +0 hand axe
 p - a +0 trident
Missiles
 k - 22 stones
 n - 2 poisoned darts
 q - a boomerang
Armour
 d - a +1 hat (worn)
Jewellery
 e - a ring of willpower
Wands
 r - a wand of mindburst (2)
Scrolls
 h - 2 scrolls of teleportation
 l - a scroll of identify
Potions
 c - a potion of magic
 f - 2 potions of curing
 g - a potion of cancellation
 i - 2 potions of heal wounds
 o - a potion of lignification


   Skills:
 + Level 2.7 Dodging
 + Level 3.6 Stealth
 * Level 3.5 Spellcasting
 + Level 2.1 Conjurations
 + Level 1.9 Summonings
 + Level 2.0 Translocations


You had 5 spell levels left.
You knew the following spells:

 Your Spells              Type           Power      Damage    Failure   Level
a - Magic Dart            Conj           36%        1d4       8%          1
b - Foxfire               Conj/Fire      20%        2x1d5     12%         1
c - Blink                 Tloc           16%        N/A       12%         2
d - Call Imp              Summ           8%         N/A       13%         2

Your spell library contained the following spells:

 Spells                   Type           Power      Damage    Failure   Level
 Freeze                   Ice            8%         1d3       19%         1
 Slow                     Hex            8%         N/A       19%         1
 Conjure Flame            Conj/Fire      5%         6-21      36%         3
 Mephitic Cloud           Conj/Pois/Air  4%         N/A       38%         3
 Frozen Ramparts          Ice            4%         1d1       50%         3
 Inner Flame              Hex/Fire       2%         N/A       50%         3
 Flame Wave               Conj/Fire      5%         2d5       77%         4
 Hailstorm                Conj/Ice       5%         3d4       77%         4


Dungeon Overview and Level Annotations

Branches:
Dungeon (4/15)
 Temple: D:4-7

Altars:
Dithmenos


Innate Abilities, Weirdness & Mutations

You cannot wear most types of armour.
You are amphibious.
You can wear up to eight rings at the same time.
Your skin changes colour to match your surroundings (Stealth+).
Your rubbery body absorbs attacks. (AC +1, EV +1)
((You are camouflaged when in or above water. (Stealth+)))
You have tentacles for arms and can constrict up to eight enemies at once.
You are agile. (Dex +4, Str/Int -1)
You are dopey. (Int -2)
You occasionally shout uncontrollably at your foes.
You are resistant to electric shocks. (rElec)


Message History

The ice beast hits your white imp but does no damage.
Casting: Magic Dart (safe; 8% risk of failure)
Confirm with . or Enter, or press ? or * to list all spells.
You conjure some foxfire!
Your white imp misses the ice beast.
The ice beast hits your white imp. The ice beast freezes your white imp.
Your white imp resists.
The foxfire hits the ice beast!
The ice beast melts!
The ice beast is moderately wounded.
Your white imp hits the ice beast but does no damage.
Casting: Foxfire (safe; 12% risk of failure)
Confirm with . or Enter, or press ? or * to list all spells.
You conjure some foxfire!
The foxfire hits the ice beast but does no damage.
The ice beast is moderately wounded.
Your white imp hits the ice beast.
Your white imp freezes the ice beast.
The ice beast completely resists.
The foxfire hits the ice beast.
The ice beast is moderately wounded.
The foxfire hits the ice beast!
The ice beast melts!
The ice beast is severely wounded.
Casting: Foxfire (safe; 12% risk of failure)
Confirm with . or Enter, or press ? or * to list all spells.
Aiming: Magic Dart (safe; 8% risk of failure)
Press: ? - help, Shift-Dir - straight line, f/p - ice beast
Aim: an ice beast (severely wounded, ally target, 100% to hit)
The magic dart hits the ice beast but does no damage.
The ice beast is severely wounded.
Casting: Magic Dart (safe; 8% risk of failure)
Confirm with . or Enter, or press ? or * to list all spells.
You conjure some foxfire!
The ice beast hits you. The ice beast freezes you!
Your white imp hits the ice beast but does no damage.
The foxfire hits the ice beast.
The ice beast is severely wounded.
The foxfire hits the ice beast.
The ice beast is severely wounded.
Your white imp barely misses the ice beast.
You hit the ice beast but do no damage.
The ice beast is severely wounded.
The ice beast hits you. The ice beast freezes you!
You die...

........#
##.......#
##........#
#.......>.##
##..........#
#...........#
##....<......#
#............#
#...@Y5......#
##..ยง......###
##......###
##.##### ###


You could see an ice beast (ally target) and a friendly white imp (summoned).

Vanquished Creatures
  A jelly (D:3)
  3 adders
  A worm (D:3)
  2 dart slugs
  6 orcs
  5 bats
  5 endoplasms
  A giant cockroach (D:2)
  4 hobgoblins
  2 jackals (D:1)
  3 kobolds
  4 quokkas
  6 ball pythons
  3 frilled lizards (D:2)
  5 goblins
  4 rats
55 creatures vanquished.

Vanquished Creatures (collateral kills)
  An orc (D:2)
  A ball python (D:3)
2 creatures vanquished.

Vanquished Creatures (others)
  16 foxfires
16 creatures vanquished.

Grand Total: 73 creatures vanquished

Notes
Turn   | Place    | Note
-------+----------+-------------------------------------------
     0 | D:1      | promet the Octopode Hedge Wizard began the quest for the
                  | Orb.
     0 | D:1      | Reached XP level 1. HP: 11/11 MP: 4/4
   301 | D:1      | Reached XP level 2. HP: 1/17 MP: 1/6
   747 | D:1      | Learned a level 1 spell: Foxfire
   750 | D:1      | Learned a level 2 spell: Blink
   753 | D:1      | Learned a level 2 spell: Call Imp
  1300 | D:2      | Reached XP level 3. HP: 21/21 MP: 7/7
  1311 | D:2      | Found a faded altar of an unknown god.
  1918 | D:2      | Reached XP level 4. HP: 26/27 MP: 3/8
  2423 | D:3      | Gained mutation: You are dopey. (Int -2) [potion of
                  | mutation]
  2423 | D:3      | Gained mutation: You are agile. (Dex +4, Str/Int -1)
                  | [potion of mutation]
  2423 | D:3      | Gained mutation: You occasionally shout uncontrollably at
                  | your foes. [potion of mutation]
  2423 | D:3      | Gained mutation: You are resistant to electric shocks.
                  | (rElec) [potion of mutation]
  2640 | D:3      | Reached XP level 5. HP: 31/31 MP: 0/10
  3245 | D:3      | Found a shadowy altar of Dithmenos.
  3256 | D:3      | Became a worshipper of Dithmenos the Shadowed
  3381 | D:4      | Noticed an ice beast
  3396 | D:4      | Slain by an ice beast

Illustrated notes

Levels and vault maps discovered:
D:1:      eino_arrival_tree_alley, layout_basic, minmay_distorted
D:2:      layout_rooms, hellmonk_ecumenical_altar_heavens_door, serial_forest,
          infiniplex_forest_straight_2, infiniplex_forest_clump_long,
          infiniplex_forest_clump_diagonal, infiniplex_forest_lined_corner,
          infiniplex_forest_lined_ring, infiniplex_forest_lined_2,
          minmay_misc_feat_iff
D:3:      layout_loops_ring, grunt_dithmenos_smoke_and_mirrors,
          chequers_serial_rivers_large_a
D:4:      layout_cave_pods

Skill      XL: |  1  2  3  4 |
---------------+-------------+-----
Stealth        | 3 |  3.6
Conjurations   | 2 |  2.1
Translocations | 2 |  2.0
Dodging        | |  2.7
Spellcasting   | |  3.5
Summonings     | |  1.9

Action                   |  1- 3 |  4- 6 || total
-------------------------+-------+-------++-------
Melee: Dagger            |    47 |    33 ||    80
       Constrict         |    16 |     6 ||    22
       Tentacles         |     7 |     2 ||     9
       Punch             |     1 |       ||     1
 Cast: Magic Dart        |    19 |    24 ||    43
       Foxfire           |     5 |     3 ||     8
       Call Imp          |     2 |     3 ||     5
       Blink             |     1 |       ||     1
  Use: Scroll            |     5 |     6 ||    11
       Potion            |     4 |     1 ||     5
 Stab: Sleeping          |     9 |     8 ||    17
       Distracted        |     1 |       ||     1
Armor: Skin              |    10 |     2 ||    12
Dodge: Dodged            |    30 |    17 ||    47
